 Dungeon Crawl Stone Soup version 0.30-a0-451-ge042605de7 (webtiles) character file.

Game seed: 10206186745729514155

89 Sabo the Trooper (level 4, -5/52 HPs)
             Began as a Demonspawn Berserker on Dec 11, 2022.
             Was a Believer of Trog.
             Killed by nerve-wracking pain
             ... invoked by an orc priest
              (9 damage)
             ... on level 3 of the Dungeon.
             The game lasted 00:09:39 (2117 turns).

Sabo the Trooper (Demonspawn Berserker)             Turns: 2117, Time: 00:09:40

Health: -5/52      AC:  5    Str: 20    XL:     4   Next: 31%
Magic:  4/4        EV: 11    Int:  8    God:    Trog [**....]
Gold:   91         SH:  0    Dex: 12    Spells: 3/3 levels left

rFire   . . .      SeeInvis .    i - +2 short sword (drain)
rCold   . . .      Faith    .    (no shield)
rNeg    . . .      Spirit   .    e - +0 ring mail
rPois   .          Reflect  .    (no helmet)
rElec   .          Harm     .    (no cloak)
rCorr   .          Rampage  .    (no gloves)
Will    +....                    (no boots)
Stlth   ..........               (no amulet)
HPRegen 0.28/turn                j - ring of willpower
MPRegen 0.09/turn                (no ring)

@: berserking, very quick
A: claws 1, powered by pain 1
a: Renounce Religion, Berserk, Trog's Hand


You were on level 3 of the Dungeon.
You worshipped Trog.
Trog was pleased with you.
You visited 1 branch of the dungeon, and saw 3 of its levels.

You collected 91 gold pieces.

Inventory:

Hand Weapons
 a - a +0 hand axe
 h - a +0 sling
 i - a +2 short sword of draining (weapon)
Missiles
 n - 3 javelins (quivered)
Armour
 e - a +0 ring mail (worn)
Jewellery
 j - a ring of willpower (left claw)
Scrolls
 c - a scroll of fear {unknown}
 g - 2 scrolls of blinking
Potions
 b - 2 potions of might {unknown}
 d - 2 potions of attraction {unknown}
 f - 3 potions of brilliance {unknown}
 k - a potion of haste {unknown}


   Skills:
 + Level 3.5 Fighting
 + Level 1.0 Short Blades
 + Level 3.4 Axes
 + Level 2.3 Armour
 + Level 2.2 Dodging
 + Level 0.2 Stealth


You had 3 spell levels left.
You didn't know any spells.
Your spell library was empty.

Dungeon Overview and Level Annotations

Branches:
Dungeon (3/15)

Altars:

Annotations:
D:3 Ijyb


Innate Abilities, Weirdness & Mutations

You have sharp fingernails.
You sometimes gain a little power by taking damage.


Message History

Something hits you but does no damage.
You hit something but do no damage. The bat closely misses you.
The bat hits you but does no damage. The quokka bites you.
Ijyb the Twisted Goblin comes into view.
She is wielding a +0 dagger, wearing a +3 chain mail of fire resistance and carrying a wand of quicksilver (14).
The orc priest begins to cast a cantrip, but forgets the words!
Something hits you but does no damage. The quokka bites you.
You miss something.
Ijyb shouts!
The bat misses you. Something hits you. The quokka closely misses you.
You barely miss something. The bat barely misses you.
Something hits you but does no damage. The quokka barely misses you.
You hit something but do no damage. The bat closely misses you.
The quokka closely misses you. Something hits you. Ijyb completely misses you.
You miss something. The bat closely misses you. The quokka bites you.
Ijyb hits you with a +0 dagger. Something hits you.
You hit something but do no damage. The bat closely misses you.
The quokka closely misses you. Ijyb hits you with a +0 dagger.
You hear some strange, mumbled words.
A puff of flame appears from out of thin air!
The puff of flame hits you!
* * * LOW HITPOINT WARNING * * *
The quokka closely misses you.
A red film seems to cover your vision as you go berserk!
You feel yourself moving faster!
You feel mighty! Something hits you.
* * * LOW HITPOINT WARNING * * *
The orc priest closely misses you.
Ijyb zaps a wand.
The bolt of dispelling energy misses you.
The bolt of dispelling energy hits the bat!!
The bat dies!
The quokka bites you but does no damage.
You hit Ijyb. You drain Ijyb.
Ijyb is moderately wounded.
Ijyb barely misses you.
You hear some strange, mumbled words.
A magic dart appears from out of thin air!
The magic dart hits you.
* * * LOW HITPOINT WARNING * * *
The orc priest invokes the aid of Beogh against you.
Pain shoots through your body!
You die...

............#..♣ #
####.#####...... .
#. #........>....♣
.. .#
#.#.######.#...
... .###.#.#
#.##♣♣ ....
..#.#.######.#
.....
#.#.#.....####
......##r#.#####.#
#.{@g).# #.#
......o..#.# #.#
.#.#######.#####.#
#.......#
#.####..# #.# #..#
#.# #..# ### ##.#
#.#


You could see Ijyb (very drained), an orc priest and a quokka.

Vanquished Creatures
  3 adders
  2 orcs (D:3)
  4 ball pythons
  4 endoplasms (D:1)
  2 giant cockroaches
  3 goblins
  9 hobgoblins
  4 jackals (D:1)
  4 kobolds (D:1)
  4 quokkas
  6 bats
  4 frilled lizards
  5 rats
54 creatures vanquished.

Vanquished Creatures (others)
  A bat (D:3)
1 creature vanquished.

Grand Total: 55 creatures vanquished

Notes
Turn   | Place    | Note
-------+----------+-------------------------------------------
     0 | D:1      | Sabo the Demonspawn Berserker began the quest for the Orb.
     0 | D:1      | Reached XP level 1. HP: 18/18 MP: 1/1
   138 | D:1      | Gained mutation: You sometimes gain a little power by
                  | taking damage. [demonic ancestry]
   138 | D:1      | Reached XP level 2. HP: 24/24 MP: 2/2
   737 | D:1      | Reached ** piety under Trog
   817 | D:1      | Gained mutation: You have sharp fingernails. [demonic
                  | ancestry]
   817 | D:1      | Reached XP level 3. HP: 29/29 MP: 3/3
  1938 | D:3      | Reached XP level 4. HP: 35/35 MP: 4/4
  2083 | D:3      | Reached skill level 1 in Short Blades
  2110 | D:3      | Noticed Ijyb
  2117 | D:3      | Killed from afar by an orc priest

Illustrated notes

Levels and vault maps discovered:
D:1:      dpeg_arrival_arbitrary_a, layout_basic
D:2:      layout_rooms
D:3:      layout_loops_ring, gup_sewer_entry_bubbles, uniq_ijyb,
          uniq_crazy_yiuf_cottage, uniq_robin

Skill      XL: |  1  2  3  4 |
---------------+-------------+-----
Axes           | 3 |  3.4
Dodging        | 2 |  2.2
Armour         | 2 |  2.3
Short Blades   | 1 |  1.0
Fighting       | |  3.5
Stealth        | |  0.2

Action                   |  1- 3 |  4- 6 || total
-------------------------+-------+-------++-------
Melee: Hand axe          |    59 |       ||    59
       Short sword       |    54 |    36 ||    90
Invok: Berserk           |       |     1 ||     1
  Use: Scroll            |     3 |       ||     3
Armor: Ring mail         |    49 |    20 ||    69
Dodge: Dodged            |    71 |    37 ||   108

Table legend: (Time is in decaauts)
 A = Elapsed time spent in this place.
 B = Non-inter-level travel time spent in this place.
 C = Inter-level travel time spent in this place.
 D = Time resting spent in this place.
 E = Time spent auto-exploring this place.
 F = Levels seen in this place.
 G = Mean time per level.
                   A        B        C        D        E       F      G
               +--------+--------+--------+--------+--------+-----+--------+
         Total |   2121 |   2121 |      0 |    269 |      0 |   3 |  707.0 |
       Dungeon |   2121 |   2121 |      0 |    269 |      0 |   3 |  707.0 |
               +--------+--------+--------+--------+--------+-----+--------+

Top non-repeatable levels by time:
     D:1: 1267 daAuts
     D:2: 668 daAuts
     D:3: 185 daAuts
